 Dungeon Crawl Stone Soup version 0.27-a0-1278-g6cbc8dfb29 (webtiles) character file.

Game seed: 11447076614961439461

360 greynaab the Chopper (level 6, -1/70 HPs)
             Began as a Human Berserker on June 12, 2021.
             Was a Priest of Trog.
             Slain by an iron imp (4 damage)
             ... summoned by Eustachio
             ... on level 4 of the Dungeon.
             The game lasted 00:08:30 (4664 turns).

greynaab the Chopper (Human Berserker)              Turns: 4664, Time: 00:08:31

Health: -1/70      AC: 10    Str: 19    XL:     6   Next: 98%
Magic:  6/6        EV:  6    Int:  7    God:    Trog [***...]
Gold:   74         SH:  0    Dex: 13    Spells: 5/5 levels left

rFire    . . .     SeeInvis +   d - +2 dagger (vamp)
rCold    . . .     Faith    +   (no shield)
rNeg     . . .     Spirit   .   n - +0 plate armour
rPois    .         Reflect  .   (no helmet)
rElec    .         Harm     .   (no cloak)
rCorr    .         Rampage  .   (no gloves)
Will     .....                  (no boots)
Stlth    ..........             e - amulet of faith
HPRegen  0.21/turn              h - ring of see invisible
MPRegen  0.10/turn              (no ring)

@: berserking (expiring), lethally poisoned (-1 -> -14), very quick
A: no striking features
a: Renounce Religion, Berserk, Trog's Hand


You were on level 4 of the Dungeon.
You worshipped Trog.
Trog was most pleased with you.
You visited 1 branch of the dungeon, and saw 4 of its levels.

You collected 74 gold pieces.

Inventory:

Hand Weapons
 a - a +0 hand axe
 d - a +2 vampiric dagger (weapon)
 l - a +2 short sword of holy wrath
Missiles
 c - 113 stones
Armour
 b - a +0 animal skin
 n - a +0 plate armour (worn)
 o - a +2 robe of resistance
Jewellery
 e - an amulet of faith (around neck)
 h - a ring of see invisible (left hand)
Wands
 u - a wand of flame (17)
Scrolls
 f - 5 scrolls of identify {unknown}
 g - 2 scrolls of amnesia {unknown}
 k - 2 scrolls of fog {unknown}
 m - a scroll of noise {unknown}
 p - a scroll of summoning {unknown}
 r - a scroll of teleportation {unknown}
 t - a scroll of holy word {unknown}
 w - a scroll of enchant armour {unknown}
Potions
 i - 2 potions of curing {unknown}
 j - a potion of attraction {unknown}
 q - a potion of haste {unknown}
 s - a potion of berserk rage {unknown}
 v - a potion of lignification {unknown}


   Skills:
 - Level 3.0 Fighting
 + Level 7.3 Axes
 - Level 2.0 Armour
 - Level 2.0 Dodging


You had 5 spell levels left.
You didn't know any spells.
Your spell library was empty.

Dungeon Overview and Level Annotations

Branches:
Dungeon (4/15)
 Temple: D:4-7

Altars:
Beogh

Shops:
D:1 [

Annotations:
D:3 3 runed translucent doors, Likado's ghost, weakling DrTm
D:4 Eustachio


Message History

You puncture Eustachio!
You feel better.
Eustachio is heavily wounded.
You feel sick. The iron imp barely misses you.
Eustachio hits you but does no damage.
You are lethally poisoned!
The rat completely misses you.
You closely miss Eustachio.
Eustachio is heavily wounded.
* * * LOW HITPOINT WARNING * * *
You feel very sick.
You miss Eustachio.
Eustachio is heavily wounded.
* * * LOW HITPOINT WARNING * * *
You feel sick. Eustachio hits you but does no damage.
You are more poisoned.
The rat bites you but does no damage. The iron imp barely misses you.
You puncture Eustachio!
Eustachio is severely wounded.
* * * LOW HITPOINT WARNING * * *
You feel very sick.
Eustachio gestures wildly while chanting.
The rat barely misses you. The iron imp barely misses you.
You completely miss Eustachio.
Eustachio is severely wounded.
* * * LOW HITPOINT WARNING * * *
You feel very sick.
You hit Eustachio.
You feel better.
Eustachio is severely wounded.
* * * LOW HITPOINT WARNING * * *
You feel sick.
Eustachio screams, "This atrocity can only be purified with blood!"
Eustachio hits you with a +4 rapier of venom.
* * * LOW HITPOINT WARNING * * *
The rat bites you but does no damage.
You hit Eustachio.
You feel better.
Eustachio is severely wounded.
* * * LOW HITPOINT WARNING * * *
You feel very sick. The iron imp hits you.
You die...

### #.# #. ..# #.# #.
#.# ##'## #. #.# ##...##
#. # #.###.....## #. ##.
#.##.......## ##.
##..(##.#.........####..
#...5rr5+.........'..:..
##..5##@#.........####.#
## #@##.......## #.##
#r###.....## ##.#
######.# ##...## ##.
#......# ##'## #.
#.###### ###.#### #.
#.########......# #.
##.......##.#.##.# #.
#........##....#.######.


You could see Eustachio, an iron imp (summoned), a white imp (summoned), 2
quokkas and a rat (summoned).

Vanquished Creatures
  A black bear (D:4)
  A scorpion (D:4)
  Ijyb (D:4)
  An orc wizard (D:3)
  A hound skeleton (D:4)
  5 adders
  A worm (D:4)
  3 dart slugs
  3 orcs (D:3)
  8 bats
  6 endoplasms
  5 giant cockroaches
  4 goblins
  5 hobgoblins
  14 jackals
  10 kobolds
  5 quokkas
  8 ball pythons
  6 rats
88 creatures vanquished.

Vanquished Creatures (others)
  13 plants (D:1)
13 creatures vanquished.

Grand Total: 101 creatures vanquished

Notes
Turn   | Place    | Note
-------+----------+-------------------------------------------
     0 | D:1      | greynaab the Human Berserker began the quest for the Orb.
     0 | D:1      | Reached XP level 1. HP: 18/18 MP: 1/1
   264 | D:1      | Reached XP level 2. HP: 16/24 MP: 2/2
  1065 | D:1      | Found Ekkiecs's Antique Armour Shoppe.
  1097 | D:1      | Reached skill level 4 in Axes
  1097 | D:1      | Reached XP level 3. HP: 28/29 MP: 3/3
  1145 | D:1      | Reached ** piety under Trog
  1192 | D:1      | Found a faded altar of an unknown god.
  1844 | D:2      | Reached XP level 4. HP: 35/35 MP: 4/4
  1982 | D:2      | Reached skill level 5 in Axes
  2379 | D:3      | Reached XP level 5. HP: 35/41 MP: 5/5
  3045 | D:3      | Found a runed translucent gate.
  3045 | D:3      | Found a runed translucent gate.
  3045 | D:3      | Noticed Likado's ghost (weakling DrTm)
  3046 | D:3      | Found a runed translucent gate.
  3046 | D:3      | Identified the +4 dagger of Uwallige {drain, Int+4}
  3046 | D:3      | Identified the +10 chain mail "Damnable Contraption"
                  | {Str+2}
  3371 | D:4      | Noticed a black bear
  3384 | D:4      | Killed a black bear
  3385 | D:4      | Reached skill level 6 in Axes
  3385 | D:4      | Reached XP level 6. HP: 47/47 MP: 6/6
  3618 | D:4      | Reached *** piety under Trog
  3721 | D:4      | Noticed Ijyb
  3757 | D:4      | Killed Ijyb
  4201 | D:4      | Reached skill level 7 in Axes
  4639 | D:4      | Noticed Eustachio
  4664 | D:4      | Slain by an iron imp

Illustrated notes

Levels and vault maps discovered:
D:1:      dpeg_arrival_rooms_b, layout_basic,
          hellmonk_ecumenical_altar_heavens_door, serial_forest,
          infiniplex_forest_straight_2, infiniplex_forest_clump_double,
          infiniplex_forest_zigzag_1, infiniplex_forest_clump_curved,
          infiniplex_forest_lined_room_2, infiniplex_forest_join,
          infiniplex_forest_clump_diagonal, infiniplex_forest_clump_curved,
          serial_shops, shop
D:2:      layout_rooms
D:3:      layout_loops_ring, biasface_ghost_orc_armoury
D:4:      layout_loops_corners, uniq_eustachio, uniq_ijyb

Skill      XL: |  1  2  3  4  5  6 |
---------------+-------------------+-----
Axes           | 4 5 6 7 |  7.3
Fighting       | |  3.0
Armour         | |  2.0
Dodging        | |  2.0

Action                   |  1- 3 |  4- 6 || total
-------------------------+-------+-------++-------
Melee: Hand axe          |    17 |       ||    17
       Dagger            |   110 |   302 ||   412
       Short sword       |       |     4 ||     4
Invok: Berserk           |     3 |     3 ||     6
       Trog's Hand       |       |     2 ||     2
 Stab: Sleeping          |       |     1 ||     1
Armor: Animal skin       |    29 |     8 ||    37
       Plate armour      |       |   157 ||   157
Dodge: Dodged            |    72 |    90 ||   162

Table legend: (Time is in decaauts)
 A = Elapsed time spent in this place.
 B = Non-inter-level travel time spent in this place.
 C = Inter-level travel time spent in this place.
 D = Time resting spent in this place.
 E = Time spent auto-exploring this place.
 F = Levels seen in this place.
 G = Mean time per level.
                   A        B        C        D        E       F      G
               +--------+--------+--------+--------+--------+-----+--------+
         Total |   4705 |   4573 |    132 |    575 |   3193 |   4 | 1176.2 |
       Dungeon |   4705 |   4573 |    132 |    575 |   3193 |   4 | 1176.2 |
               +--------+--------+--------+--------+--------+-----+--------+

Top non-repeatable levels by time:
     D:1: 1849 daAuts
     D:4: 1313 daAuts
     D:3: 1106 daAuts
     D:2: 436 daAuts
